 Dungeon Crawl Stone Soup version 0.29.1-1-gd02db6906a (webtiles) character file.

Game seed: 15351624771569789845

12692 mtoz the Geomancer (level 11, 0/48 HPs)
             Began as a Gargoyle Earth Elementalist on Oct 1, 2022.
             Was a Priest of Hepliaklqana.
             Slain by a swamp worm (18 damage)
             ... in a Gauntlet.
             The game lasted 01:01:32 (12496 turns).

mtoz the Geomancer (Gargoyle Earth Elementalist)   Turns: 12496, Time: 01:01:33

Health: 0/48       AC: 16    Str: 12    XL:     11   Next: 97%
Magic:  9/21       EV: 13    Int: 23    God:    Hepliaklqana [***...]
Gold:   694        SH:  5    Dex: 10    Spells: 9/23 levels left

rFire   + . .      SeeInvis +   (no weapon)
rCold   . . .      Faith    .   (no shield)
rNeg    + . .      Spirit   .   x - +2 robe {rF+}
rPois   ∞          Reflect  +   E - +0 hat
rElec   +          Harm     .   d - +0 cloak of Jeudwiotz {Regen+ Int+3}
rCorr   .          Rampage  .   p - +0 pair of gloves
Will    .....      NoTele   +   m - +1 pair of boots
Stlth   ++++......              c - amulet of reflection
HPRegen 0.96/turn               r - ring of see invisible
MPRegen 0.17/turn               t - ring of wizardry

@: no status effects
A: reduced essence, sickness immunity, AC +8, negative energy resistance 1,
electricity resistance, torment resistance 1, petrification resistance
a: Renounce Religion, Recall Ancestor, Ancestor Identity, Transference


You were in a Gauntlet.
You worshipped Hepliaklqana.
Hepliaklqana was most pleased with you.
You visited 3 branches of the dungeon, and saw 11 of its levels.
You also visited: Gauntlet.

You collected 694 gold pieces.

Inventory:

Missiles
 J - a throwing net
Armour
 d - the +0 cloak of Jeudwiotz (worn) {Regen+ Int+3}
   (You found it on level 2 of the Dungeon)

   Int:       It affects your intelligence (+3).
   Regen:     It increases your rate of health regeneration.
 h - a +2 helmet
 m - a +1 pair of boots (worn)
 p - a +0 pair of gloves (worn)
 s - +0 steam dragon scales
 w - a +2 chain mail of fire resistance
 x - a +2 robe of fire resistance (worn)
 D - a +2 hat
 E - a +0 hat (worn)
Magical Staves
 G - a staff of cold
Jewellery
 c - an amulet of reflection (around neck)
 e - a ring of willpower
 i - a ring of resist corrosion
 o - a ring of positive energy
 q - an amulet of faith
 r - a ring of see invisible (left hand)
 t - a ring of wizardry (right hand)
 y - an amulet of guardian spirit
 A - a ring of resist corrosion
Wands
 B - a wand of charming (4)
Scrolls
 n - 2 scrolls of teleportation
 z - a scroll of noise
 C - a scroll of amnesia
 F - a scroll of enchant weapon
Potions
 a - 5 potions of lignification
 b - 3 potions of magic
 f - a potion of ambrosia
 g - a potion of mutation
 j - 5 potions of cancellation
 k - 5 potions of attraction
 l - a potion of degeneration
 v - a potion of brilliance
 H - 2 potions of invisibility


   Skills:
 + Level 6.2 Dodging
 + Level 9.0 Stealth
 + Level 6.8 Spellcasting
 + Level 7.1 Conjurations
 + Level 6.0 Transmutations
 + Level 9.3 Earth Magic
 - Level 5.1 Invocations
 + Level 5.1 Evocations


You had 9 spell levels left.
You knew the following spells:

 Your Spells              Type           Power      Damage    Failure   Level
a - Sandblast             Erth           100%       2d20      1%          1
b - Passwall              Tmut/Erth      35%        N/A       1%          2
c - Stone Arrow           Conj/Erth      90%        3d12      1%          3
d - Petrify               Tmut/Erth      43%        N/A       1%          4
e - Leda's Liquefaction   Hex/Erth       14%        N/A       4%          4

Your spell library contained the following spells:

 Spells                   Type           Power      Damage    Failure   Level
 Freeze                   Ice            28%        1d5       3%          1
 Hailstorm                Conj/Ice       24%        3d7       8%          4
 Call Canine Familiar     Summ           7%         N/A       10%         3
 Frozen Ramparts          Ice            14%        1d3       10%         3
 Portal Projectile        Hex/Tloc       14%        N/A       10%         3


Dungeon Overview and Level Annotations

Branches:
Dungeon (8/15)             Temple (1/1) D:4            Lair (2/5) D:8
Gauntlet (1/1)
  Swamp: Lair:2-3    Shoals: Lair:2-3     Snake: Lair:2-3    Spider: Lair:2-3

Altars:
Ashenzari
Cheibriados
Dithmenos
Elyvilon
Fedhas
Gozag
Hepliaklqana
Kikubaaqudgha
Makhleb
Nemelex Xobeh
Okawaru
Ru
Sif Muna
Trog
Uskayaw
Vehumet
Wu Jian
Xom
Yredelemnul
Zin
The Shining One

Annotations:
D:6 3 runed translucent doors, mcbry74's ghost, novice MiFi Gauntlet 9 transporters, exclusion: oklob plant


Innate Abilities, Weirdness & Mutations

Your life essence is reduced to manifest your ancestor. (-10% HP)
You are immune to sickness and miasma.
Your stone body is resilient. (AC +8)
You are immune to poison.
You resist negative energy. (rN+)
You are resistant to electric shocks. (rElec)
You are resistant to unholy torment.
You are immune to petrification.


Message History

Khenut blocks the swamp worm's attack.
The swamp worm fires a harpoon shot at you.
The harpoon shot hits you!
You are yanked forward by the harpoon shot.
Aiming: Stone Arrow (safe; 1% risk of failure)
Press: ? - help, Q - select action, (/) - cycle Shift-Dir - straight line, f/p - tyrant leech
Aim: a tyrant leech (60% to hit)
The stone arrow misses the tyrant leech.
Khenut hits the swamp worm with a +0 flail.
The tyrant leech bites you!!
The swamp worm bites Khenut but does no damage.
The swamp worm bites you.
Aiming: Petrify (dangerous; 1% risk of failure)
Press: ? - help, Shift-Dir - straight line, f/p - tyrant leech
Aim: a tyrant leech (chance to affect: 50%)
The tyrant leech is moving more slowly.
Khenut hits the swamp worm with a +0 flail.
The swamp worm bites Khenut.
The tyrant leech barely misses you. The swamp worm bites you!
* * * LOW HITPOINT WARNING * * *
You feel much better.
The swamp worm barely misses Khenut.
Khenut hits the swamp worm with a +0 flail.
The swamp worm bites you! The tyrant leech bites you!!
* * * LOW HITPOINT WARNING * * *
You feel better.
The swamp worm closely misses Khenut.
The swamp worm fires a harpoon shot at you.
The harpoon shot misses you. The swamp worm bites you!
* * * LOW HITPOINT WARNING * * *
Khenut barely misses the swamp worm.
The tyrant leech bites you but does no damage.
Khenut blocks the swamp worm's attack.
You feel better.
The tyrant leech stops moving altogether!
The swamp worm closely misses you.
Khenut hits the swamp worm with a +0 flail!
The swamp worm bites Khenut!
Khenut is destroyed!
The swamp worm bites you but does no damage.
The swamp worm bites you!!
You die...

#..#..#.©.#..#...#..[.©.
###..###########...#######
#8#.....#.©.#....≈........
###...8.#...#...≈8§.......
#.....#.©.#....≈........
###..###########..§#######
#8#..##..w....##...#..J#J#
###..#.#..w..#.#...#..#...
#..#..#@.w#..#...#.##...
###..#...#w#w..#...##..#^#
#8#..#....#....#...#J...©.
###..#...#.#...#...##..#^#
#..#..#...#..#...#J#####
###..#.#.....#.#...#J.#^..
#8#..##.="©!..##...#....©?
###..###########...#######
#.......................


You could see a tyrant leech (petrified) and 4 swamp worms.

Vanquished Creatures
  Harold (Lair:1)
  A hell beast (Gauntlet)
  Amaemon (D:8)
  An elephant (Lair:1)
  A cane toad (Lair:1)
  A rime drake (Lair:1)
  3 komodo dragons
  2 polar bears (Lair:1)
  A spriggan (D:7)
  A wyvern (D:8)
  6 yaks
  A basilisk (Lair:1)
  3 steam dragons (D:6)
  Eustachio (D:6)
  3 orc warriors
  4 water moccasins
  An ice beast (D:6)
  A sky beast (D:7)
  A black bear (D:8)
  3 centaurs
  An ogre (D:4)
  2 phantoms (D:5)
  3 bullfrogs
  4 scorpions
  3 wights (D:7)
  2 howler monkeys (D:8)
  8 orc priests
  10 hounds
  3 jellies
  Crazy Yiuf (D:7)
  5 iguanas
  Terence (D:3)
  10 orc wizards
  6 adders
  4 shadow imps
  A white imp (D:7)
  2 ufetubi (D:5)
  A worm (D:2)
  5 dart slugs
  47 orcs
  A bat (D:3)
  7 endoplasms
  4 giant cockroaches
  2 hobgoblins
  3 jackals (D:2)
  7 kobolds
  3 quokkas
  3 ball pythons
  5 frilled lizards
  5 goblins
  2 rats
198 creatures vanquished.

Vanquished Creatures (collateral kills)
  A boulder beetle (D:8)
  A two-headed ogre (D:8)
  2 elephants (Lair:1)
  An orange demon (D:8)
  A komodo dragon (Lair:1)
  5 yaks
  A steam dragon (D:6)
  A water moccasin (Lair:1)
  A scorpion (D:7)
  A wight (D:7)
  4 killer bees (D:8)
  A howler monkey (D:8)
  3 orc priests
  6 orcs
29 creatures vanquished.

Vanquished Creatures (others)
  A yak (D:8)
  3 knights
  An orc wizard (D:8)
  11 demonic plants (Gauntlet)
  10 fungi
  21 plants
47 creatures vanquished.

Grand Total: 274 creatures vanquished

Notes
Turn   | Place    | Note
-------+----------+-------------------------------------------
     0 | D:1      | mtoz the Gargoyle Earth Elementalist began the quest for
                  | the Orb.
     0 | D:1      | Reached XP level 1. HP: 10/10 MP: 3/3
    71 | D:1      | Found Wezegga's Magic Scroll Emporium.
   327 | D:1      | Reached skill level 1 in Transmutations
   327 | D:1      | Reached XP level 2. HP: 15/15 MP: 3/5
   864 | D:2      | Identified the +0 cloak of Jeudwiotz {Regen+ Int+3}
   982 | D:2      | Reached XP level 3. HP: 19/19 MP: 4/6
  1327 | D:2      | Reached XP level 4. HP: 24/24 MP: 4/7
  2041 | D:3      | Found a faded altar of an unknown god.
  2437 | D:3      | Noticed Terence
  2444 | D:3      | Killed Terence
  2692 | D:3      | Reached XP level 5. HP: 28/28 MP: 6/8
  3172 | D:4      | Found a staircase to the Ecumenical Temple.
  3288 | Temple   | Entered the Ecumenical Temple
  3341 | Temple   | Became a worshipper of Hepliaklqana the Forgotten
  3522 | D:4      | Reached XP level 6. HP: 32/32 MP: 5/10
  3804 | D:3      | Learned a level 2 spell: Passwall
  3810 | D:4      | Reached skill level 5 in Earth Magic
  3989 | D:5      | Entered Level 5 of the Dungeon
  4253 | D:4      | Reached skill level 1 in Conjurations
  4253 | D:4      | Reached skill level 1 in Invocations
  4253 | D:4      | Reached XP level 7. HP: 36/36 MP: 5/12
  4260 | D:4      | Learned a level 3 spell: Stone Arrow
  4541 | D:5      | Found a transporter.
  4830 | D:5      | Reached XP level 8. HP: 41/41 MP: 8/13
  4917 | D:5      | Found a burning altar of Makhleb.
  4954 | D:6      | Reached * piety under Hepliaklqana
  4959 | D:6      | Reached skill level 5 in Stealth
  5012 | D:6      | Learned a level 4 spell: Petrify
  5221 | D:5      | Found a transporter.
  6235 | D:6      | Reached skill level 1 in Evocations
  6235 | D:6      | Reached XP level 9. HP: 29/40 MP: 7/15
  6368 | D:6      | Found a sparkling altar of Nemelex Xobeh.
  6416 | D:6      | Noticed Eustachio
  6422 | D:6      | Killed Eustachio
  6500 | D:6      | Found a runed translucent gate.
  6501 | D:6      | Found a runed translucent gate.
  6501 | D:6      | Identified the +1 chain mail "Cetiwil" {Slay+3}
  6502 | D:6      | Found a runed translucent gate.
  6503 | D:6      | Noticed mcbry74's ghost (novice MiFi)
  7091 | D:7      | Reached ** piety under Hepliaklqana
  7092 | D:7      | Remembered your ancestor Khenut as a knight
  7547 | D:7      | Reached skill level 5 in Spellcasting
  7926 | D:7      | Found a runed translucent door.
  7927 | D:7      | Noticed Crazy Yiuf
  8130 | D:7      | Reached XP level 10. HP: 45/45 MP: 13/17
  8208 | D:7      | Found an iron altar of Okawaru.
  8367 | D:7      | Killed Crazy Yiuf
  8428 | D:8      | Found a staircase to the Lair.
  8434 | Lair:1   | Entered Level 1 of the Lair of Beasts
  8518 | D:8      | Reached skill level 5 in Conjurations
  8657 | D:8      | Noticed Amaemon
  8832 | D:8      | Killed Amaemon
  8832 | D:8      | Noticed an orange demon
  8833 | D:8      | Reached skill level 5 in Invocations
  8838 | D:8      | Killed an orange demon
  8839 | D:8      | Reached skill level 5 in Dodging
  9309 | D:8      | Noticed a two-headed ogre
  9317 | D:8      | Killed a two-headed ogre
  9391 | D:8      | Reached skill level 5 in Transmutations
 10069 | Lair:1   | Reached XP level 11. HP: 48/48 MP: 9/20
 10515 | Lair:1   | Noticed Harold
 10524 | Lair:1   | Killed Harold
 10751 | Lair:1   | Reached *** piety under Hepliaklqana
 10848 | Lair:1   | Noticed a boulder beetle
 10992 | D:8      | Learned a level 4 spell: Leda's Liquefaction
 11164 | D:8      | Killed a boulder beetle
 11930 | Lair:1   | Reached skill level 5 in Evocations
 12085 | Lair:2   | Found a gate leading to a gauntlet.
 12090 | Gauntlet | Entered a Gauntlet
 12090 | Gauntlet | Noticed an oklob plant
 12090 | Gauntlet | Found a transporter.
 12090 | Gauntlet | Found a transporter.
 12099 | Gauntlet | Found a transporter.
 12109 | Gauntlet | Found a transporter.
 12111 | Gauntlet | Noticed a tengu warrior
 12124 | Gauntlet | Found a transporter.
 12134 | Gauntlet | Found a transporter.
 12140 | Gauntlet | Noticed a catoblepas
 12149 | Gauntlet | Found a transporter.
 12155 | Gauntlet | Found a transporter.
 12169 | Gauntlet | Found a transporter.
 12175 | Gauntlet | Found a transporter.
 12178 | Gauntlet | Found a transporter.
 12199 | Gauntlet | Noticed a hell beast
 12203 | Gauntlet | Found a transporter.
 12343 | Gauntlet | Killed a hell beast
 12496 | Gauntlet | Slain by a swamp worm

Illustrated notes

Levels and vault maps discovered:
D:1:      heliophobic_arrival_glass_houses, layout_basic, serial_shops,
          nicolae_shop_waterfront
D:2:      layout_basic, serial_glass, glass_columns_b, glass_columns_b,
          glass_columns_c, glass_columns_b, glass_columns_b, glass_columns_b,
          roderic_roman_lattice
D:3:      layout_loops_ring, nicolae_ecumenical_pavilion, serial_forest,
          infiniplex_forest_straight_5, infiniplex_forest_end_3,
          infiniplex_forest_lined_room_3, infiniplex_forest_end_2,
          infiniplex_forest_end_2, infiniplex_forest_clump_long,
          infiniplex_forest_clump_diagonal, infiniplex_forest_clump_small,
          infiniplex_forest_end_1, uniq_terence
D:4:      layout_loops_ring, minmay_temple_entry_drinking_statues,
          kennysheep_generic_room_6
D:5:      gammafunk_wand_slinger, layout_rooms, kennysheep_mini,
          minmay_statues_item, nicolae_hexahallways
D:6:      cheibrodos_steamvent, layout_cave_pools, nemelex_spade_bored_becter,
          biasface_ghost_orc_armoury, uniq_eustachio
D:7:      layout_loops_cross, kennysheep_little_box, the_hattery,
          uniq_crazy_yiuf_cottage
D:8:      layout_loops_ring, lair_entry_dummy, grunt_ministairs_9, uniq_amaemon
Temple:   regret_index_temple_mists
Lair:1:   layout_regular_city, uniq_harold
Lair:2:   layout_roguey, gauntlet_entry_generic, uniq_gastronok
Gauntlet: gammafunk_gauntlet_shortcut [gammafunk_gauntlet_arena_arrow_garden,
          nicolae_gauntlet_arena_x, gammafunk_gauntlet_arena_grid,
          gammafunk_gauntlet_arena_hedges, gammafunk_gauntlet_arena_mazey,
          gammafunk_gauntlet_arena_chambers,
          nicolae_gauntlet_exit_dead_adventurers]

Skill      XL: |  1  2  3  4  5  6  7  8  9 10 11 |
---------------+----------------------------------+-----
Transmutations | 1 2 3 4 5 6 |  6.0
Earth Magic    | 4 5 6 7 8 9 |  9.3
Dodging        | 2 3 4 5 6 |  6.2
Stealth        | 3 4 5 6 7 9 |  9.0
Spellcasting   | 3 4 5 6 |  6.8
Conjurations   | 1 2 3 4 5 7 |  7.1
Invocations    | 1 2 3 4 5 |  5.1
Evocations     | 1 2 4 5 |  5.1

Action                   |  1- 3 |  4- 6 |  7- 9 | 10-12 || total
-------------------------+-------+-------+-------+-------++-------
Melee: Unarmed           |       |     1 |       |       ||     1
 Cast: Sandblast         |    44 |    94 |   153 |     5 ||   296
       Stone Arrow       |       |       |    39 |   124 ||   163
       Petrify           |       |       |       |     5 ||     5
       Leda's Liquefacti |       |       |       |     1 ||     1
Invok: Ancestor Life: Kn |       |       |     1 |       ||     1
       Recall Ancestor   |       |       |       |     1 ||     1
       Transference      |       |       |       |     1 ||     1
Evoke: Wand              |       |       |     3 |    26 ||    29
  Use: Scroll            |     3 |     3 |     8 |     8 ||    22
       Potion            |       |     1 |     3 |     4 ||     8
Armor: Robe              |     2 |    21 |    55 |    33 ||   111
Dodge: Dodged            |     2 |    36 |    48 |    38 ||   124
Block: Other             |     2 |    14 |    16 |     9 ||    41
       Reflection        |       |       |     3 |       ||     3
